 Dungeon Crawl Stone Soup version 0.29-a0-187-ga23d9638d5 (webtiles) character file.

Game seed: 5697685821223817949

684 Hasart the Sneak (level 7, 0/36 HPs)
             Began as a Vampire Enchanter on Feb 21, 2022.
             Slain by a gnoll sergeant (3 damage)
             ... on level 5 of the Dungeon.
             The game lasted 00:10:52 (5283 turns).

Hasart the Sneak (Vampire Enchanter)                Turns: 5283, Time: 00:10:53

Health: 0/36       AC:  4    Str:  7    XL:     7   Next: 35%
Magic:  2/11       EV: 14    Int: 25    God:
Gold:   109        SH:  0    Dex: 17    Spells: 7/12 levels left

rFire   . . .      SeeInvis +   r - +3 short sword
rCold   + + +      Faith    .   (no shield)
rNeg    + + +      Spirit   .   w - +1 robe "Himne" {Dex+2}
rPois   ∞          Reflect  .   (no helmet)
rElec   .          Harm     .   q - scarf {repulsion}
rCorr   .          Rampage  .   (no gloves)
Will    .....                   p - +0 pair of boots
Stlth   +++++.....              (no amulet)
HPRegen 0.00/turn               g - ring of protection from cold
MPRegen 0.12/turn               A - +6 ring of intelligence

@: confusing by touch, bloodless, inhibited regen, repel missiles
A: bloodless, fangs 3, see invisible, vampiric 2
a: Bat Form, Revivify


You were on level 5 of the Dungeon.
You visited 1 branch of the dungeon, and saw 5 of its levels.
You also visited: Sewer.

You collected 240 gold pieces.
You spent 131 gold pieces at shops.

Inventory:

Hand Weapons
 a - a +1 dagger
 r - a +3 short sword (weapon)
Armour
 p - a +0 pair of boots (worn)
 q - a scarf of repulsion (worn)
 w - the +1 robe "Himne" (worn) {Dex+2}
   (You bought it in a shop on level 4 of the Dungeon)

   Dex:       It affects your dexterity (+2).
Jewellery
 b - a ring of protection from cold
 g - a ring of protection from cold (left hand)
 v - an amulet of faith
 A - a +6 ring of intelligence (right hand)
Wands
 y - a wand of acid (9)
Scrolls
 f - 3 scrolls of amnesia {unknown}
 h - a scroll of blinking {unknown}
 i - a scroll of identify {unknown}
 j - a scroll of fear {unknown}
 s - 2 scrolls of teleportation {unknown}
 u - a scroll of immolation {unknown}
Potions
 c - 3 potions of invisibility
 d - a potion of might {unknown}
 e - 3 potions of curing {unknown}
 k - a potion of attraction {unknown}
 l - a potion of lignification {unknown}
 m - 2 potions of cancellation {unknown}
 n - a potion of heal wounds {unknown}
 o - a potion of degeneration {unknown}
 t - 2 potions of haste {unknown}
 x - a potion of flight {unknown}
 z - a potion of brilliance {unknown}


   Skills:
 + Level 3.3 Short Blades
 + Level 3.9 Dodging
 + Level 6.6 Stealth
 + Level 3.3 Spellcasting
 + Level 6.1 Hexes
 * Level 4.0 Ice Magic


You had 7 spell levels left.
You knew the following spells:

 Your Spells              Type           Power      Damage    Failure   Level
a - Ensorcelled Hibernat  Hex/Ice        58%        N/A       1%          2
b - Confusing Touch       Hex            34%        N/A       2%          3

Your spell library contained the following spells:

 Spells                   Type           Power      Damage    Failure   Level
 Tukima's Dance           Hex            34%        N/A       2%          3
 Dazzling Flash           Conj/Hex       38%        N/A       9%          3
 Shock                    Conj/Air       16%        1d4       10%         1
 Gell's Gravitas          Tloc           4%         N/A       30%         3
 Lesser Beckoning         Tloc           4%         N/A       30%         3
 Swiftness                Air            4%         N/A       30%         3
 Teleport Other           Tloc           4%         N/A       30%         3
 Airstrike                Air            2%         N/A       69%         4


Dungeon Overview and Level Annotations

Branches:
Dungeon (5/15)              Sewer (visited)
 Temple: D:4-7

Altars:

Shops:
D:2 [   D:4 ([*:

Annotations:
D:5 Eustachio


Innate Abilities, Weirdness & Mutations

You do not regenerate when monsters are visible.
You are frail without blood (-20% HP).
You can heal yourself when you bite living creatures.
You are immune to poison.
You have razor-sharp teeth.
You have supernaturally acute eyesight. (SInv)
You are afflicted with vampirism and can become a bat while bloodless.


Message History

The gnoll sergeant moves out of view.
The gnoll sergeant shouts!
You hear a shout! x3
A gnoll comes into view. It is wielding a +0 halberd.
The gnoll sergeant misses you.
A gnoll comes into view. It is wielding a +0 flail.
Casting: Confusing Touch (dangerous; 2% risk of failure)
Confirm with . or Enter, or press ? or * to list all spells.
Aiming: Ensorcelled Hibernation (safe; 1% risk of failure)
Press: ? - help, Shift-Dir - straight line, f - gnoll sergeant
Aim: a gnoll sergeant, wielding a +2 spear of distortion and wearing a +0 scale mail (chance to affect: 59%)
The gnoll sergeant resists with significant effort.
The gnoll sergeant barely misses you.
Casting: Ensorcelled Hibernation (safe; 1% risk of failure)
Confirm with . or Enter, or press ? or * to list all spells.
Aiming: Ensorcelled Hibernation (safe; 1% risk of failure)
Press: ? - help, Shift-Dir - straight line, f/p - gnoll sergeant
Aim: a gnoll sergeant, wielding a +2 spear of distortion and wearing a +0 scale mail (chance to affect: 59%)
The gnoll sergeant resists with significant effort.
The gnoll sergeant hits you from afar with a +2 spear of distortion!
Space warps around you.
Casting: Ensorcelled Hibernation (safe; 1% risk of failure)
Confirm with . or Enter, or press ? or * to list all spells.
Aiming: Ensorcelled Hibernation (safe; 1% risk of failure)
Press: ? - help, Shift-Dir - straight line, f/p - gnoll sergeant
Aim: a gnoll sergeant, wielding a +2 spear of distortion and wearing a +0 scale mail (chance to affect: 59%)
The gnoll sergeant looks drowsy...
The gnoll closely misses you.
The gnoll sergeant shouts!
Casting: Ensorcelled Hibernation (safe; 1% risk of failure)
Confirm with . or Enter, or press ? or * to list all spells.
Your hands begin to glow red.
You hear a shout!
The gnoll barely misses you.
The gnoll sergeant hits you with a +2 spear of distortion!
You hit the gnoll sergeant but do no damage.
The gnoll hits you but does no damage.
The gnoll sergeant hits you with a +2 spear of distortion!
* * * LOW HITPOINT WARNING * * *
Space warps around you.
You die...

#.....#....#....##...#
:... #....#....##...#
# #....#.........# ..
#....#.........' ...
+....#.........# ...
#....##........# g.
#....##.....>..#
#'####..............#
#.gg@..#######.##...#
#.g##### #####..# #..
#..< #.. .... #.. #..
#.. #..


You could see a gnoll sergeant and 2 gnolls.

Vanquished Creatures
  An ice beast (D:5)
  A black bear (D:4)
  Pargi (Sewer)
  An ogre (D:5)
  A wyvern skeleton (D:5)
  A hound (D:4)
  Natasha (thrice) (D:4)
  An iguana (D:4)
  A hound skeleton (D:4)
  4 adders
  A river rat (D:3)
  An ufetubus (D:4)
  2 adder skeletons (D:4)
  A worm (D:2)
  4 dart slugs (D:1)
  An orc (D:4)
  6 bats
  6 endoplasms
  3 giant cockroaches
  2 goblins (D:1)
  7 hobgoblins
  6 jackals
  10 kobolds
  6 quokkas
  5 ball pythons
  3 frilled lizards
  5 rats
84 creatures vanquished.

Notes
Turn   | Place    | Note
-------+----------+-------------------------------------------
     0 | D:1      | Hasart the Vampire Enchanter began the quest for the Orb.
     0 | D:1      | Reached XP level 1. HP: 13/13 MP: 3/3
   318 | D:1      | Reached XP level 2. HP: 6/15 MP: 5/5
   321 | D:1      | Learned a level 2 spell: Ensorcelled Hibernation
  1122 | D:1      | Gained mutation: You are afflicted with vampirism and can
                  | become a bat while bloodless. [Vampire growth]
  1122 | D:1      | Reached XP level 3. HP: 12/19 MP: 6/6
  1385 | D:1      | Found a faded altar of an unknown god.
  1441 | D:1      | Learned a level 3 spell: Confusing Touch
  1522 | D:2      | Reached skill level 5 in Stealth
  1607 | D:2      | Reached skill level 1 in Ice Magic
  1804 | D:2      | Found Yhinoklepp's Armour Emporium.
  2467 | D:2      | Reached XP level 4. HP: 24/24 MP: 4/7
  2790 | D:3      | Found a glowing drain.
  2811 | Sewer    | Entered a sewer
  2930 | Sewer    | Noticed Pargi
  2937 | Sewer    | Killed Pargi
  2938 | Sewer    | Reached skill level 5 in Hexes
  2938 | Sewer    | Reached XP level 5. HP: 14/28 MP: 2/9
  3826 | D:4      | Found Neqeada's Book Emporium.
  3827 | D:4      | Noticed Natasha
  3833 | D:4      | Killed Natasha
  3902 | D:4      | Found Aramim's Assorted Antiques.
  4038 | D:4      | Reached XP level 6. HP: 32/32 MP: 10/10
  4041 | D:4      | Found Fameops's Antique Armour Shoppe.
  4057 | D:4      | Bought a distressingly furry robe for 131 gold pieces
  4057 | D:4      | Identified the +1 robe "Himne" {Dex+2} (You bought it in a
                  | shop on level 4 of the Dungeon)
  4173 | D:4      | Noticed Natasha
  4618 | D:4      | Killed Natasha
  4777 | D:4      | Found Tagec's Weapon Shop.
  4853 | D:4      | Noticed Natasha
  4861 | D:4      | Killed Natasha
  4914 | D:5      | Entered Level 5 of the Dungeon
  4962 | D:5      | Reached XP level 7. HP: 36/36 MP: 11/11
  4985 | D:5      | Noticed Eustachio
  5283 | D:5      | Slain by a gnoll sergeant

Illustrated notes

Levels and vault maps discovered:
D:1:      dpeg_arrival_rooms_c, layout_basic, dilly_ecumenical_altar_fadedgnrine
D:2:      layout_basic, serial_shops, nicolae_diamond_shop
D:3:      layout_basic, gup_sewer_entry_bowl
D:4:      layout_loops_corners, serial_shops, shop_coins,
          nicolae_shop_waterfront, nicolae_diamond_shop, nicolae_stop_n_shop_2,
          uniq_natasha
D:5:      layout_gridville, minmay_temple_entry_antechambers, serial_shops,
          shop, uniq_ijyb, uniq_eustachio

Skill      XL: |  1  2  3  4  5  6  7 |
---------------+----------------------+-----
Stealth        | 5 6 |  6.6
Ice Magic      | 1 2 3 4 |  4.0
Short Blades   | 2 3 |  3.3
Dodging        | 3 |  3.9
Hexes          | 5 6 |  6.1
Spellcasting   | 3 |  3.3

Action                   |  1- 3 |  4- 6 |  7- 9 || total
-------------------------+-------+-------+-------++-------
Melee: Dagger            |    81 |    36 |       ||   117
       Bite              |     5 |     3 |     3 ||    11
       Punch             |     1 |       |     1 ||     2
       Short sword       |       |    43 |    27 ||    70
 Cast: Ensorcelled Hiber |     8 |    15 |     3 ||    26
       Confusing Touch   |       |     1 |     2 ||     3
 Abil: Exsanguinate      |     1 |       |       ||     1
 Stab: Sleeping          |    22 |    32 |       ||    54
       Confused          |       |     1 |       ||     1
Armor: Robe              |    12 |    13 |    31 ||    56
Dodge: Dodged            |    45 |    47 |    60 ||   152

Table legend: (Time is in decaauts)
 A = Elapsed time spent in this place.
 B = Non-inter-level travel time spent in this place.
 C = Inter-level travel time spent in this place.
 D = Time resting spent in this place.
 E = Time spent auto-exploring this place.
 F = Levels seen in this place.
 G = Mean time per level.
                   A        B        C        D        E       F      G
               +--------+--------+--------+--------+--------+-----+--------+
         Total |   5277 |   5113 |    164 |    419 |   3833 |   6 |  879.5 |
       Dungeon |   4949 |   4785 |    164 |    325 |   3654 |   5 |  989.8 |
         Sewer |    328 |    328 |      0 |     94 |    179 |   1 |  328.0 |
               +--------+--------+--------+--------+--------+-----+--------+

Top non-repeatable levels by time:
     D:1: 1474 daAuts
     D:2: 1154 daAuts
     D:4: 1130 daAuts
     D:3: 823 daAuts
     D:5: 366 daAuts
   Sewer: 328 daAuts
